AoeStats
← gxwtixo

Black Forest

507706578Analyzed
4v4 RM · 11d ago on Sep 19, 2026· 31m 36s· 8 players
Game mode
Random Map
Map size
Large (8 player)
Population
200
Speed
Normal
Resources
Standard
Victory
Conquest
Starting age
Dark Age
Ending age
Imperial Age
RankedLock teamsTeams togetherTeam positionsShared explorationLock speedFull tech treeHidden civsTurbo modeCheats
Victory
Defeat
🇪🇸 Celts · Spain
1011
+17
🇭🇰 Bohemians · Hong Kong SAR China
992
+17
🇧🇷 Teutons · Brazil
990
+17
🇸🇰 Italians · Slovakia
956
+19
🇺🇦 Koreans · Ukraine
1057
-19
🇺🇦 Goths · Ukraine
1051
-19
🇨🇳 Franks · China
1010
-17
🇨🇳 Mongols · China
964
-15
Nicolass
12:27 Feudal Age
19:05 Castle Age
22:36 Scale Mail Armor
22:56 Man-at-Arms
23:51 Long Swordsman
Knight_Cassian
1:03 Loom
18:20 Feudal Age
Adamer64
3:10 Loom
11:12 Feudal Age
16:33 Castle Age
14:37 Double-Bit Axe
17:34 Bow Saw
18:24 Fletching
18:36 Padded Archer Armor
18:23 Elite Skirmisher
20:43 Gold Mining
22:35 Bodkin Arrow
25:08 Wheelbarrow
25:22 Pikeman
26:17 Scale Mail Armor
26:40 Stone Mining
27:51 Hand Cart
28:24 Chain Mail Armor
27:55 Horse Collar
30:55 Town Watch
Journey
10:51 Loom
13:02 Feudal Age
16:48 Castle Age
16:33 Double-Bit Axe
16:33 Horse Collar
18:17 Bow Saw
28:29 Fervor
29:31 Wheelbarrow
29:24 Treadmill Crane
32:25 Imperial Age
31:01 Fletching
31:22 Forging
30:36 Elite Skirmisher
32:20 Chemistry
31:41 Ballistics
31:26 Pikeman
32:07 Squires
31:52 Arson
boobiwest
0:30 Loom
22:12 Feudal Age
23:11 Town Watch
24:02 Wheelbarrow
23:13 Double-Bit Axe
23:10 Horse Collar
MagnaFox
10:35 Feudal Age
11:02 Double-Bit Axe
16:32 Fletching
20:58 Horse Collar
25:25 Castle Age
gxwtixo
3:12 Loom
10:41 Feudal Age
12:47 Double-Bit Axe
18:26 Castle Age
16:27 Fletching
18:16 Forging
20:23 Stone Mining
22:49 Wheelbarrow
22:01 Horse Collar
25:26 Stone Shaft Mining
26:22 Hand Cart
25:55 Town Watch
27:00 Bow Saw
27:38 Husbandry
27:49 Bloodlines
29:08 Town Patrol
28:54 Loom
29:24 Thumb Ring
30:41 Iron Casting
30:32 Heavy Plow
30:43 Murder Holes
76561199017414489
10:28 Feudal Age
14:39 Castle Age
13:42 Double-Bit Axe
16:14 Bow Saw
19:58 Stone Mining
24:50 Gold Mining
26:21 Gold Shaft Mining
31:33 Imperial Age
Connection lost

Rejoining the realm…

Still unreachable

The connection could not be restored.

Session expired

The server has moved on; the page needs a fresh start.